 Seeded DCSS version 0.31.0-11-ge490571c62 (webtiles) character file.

Game seed: 5325506971025801390 (custom seed)

36 Hubris850 the Chiller (level 3, 0/24 HPs)
             Began as a Merfolk Ice Elementalist on Feb 6, 2024.
             Slain by a goblin
             ... wielding a +0 dagger
              (2 damage)
             ... on level 1 of the Dungeon.
             The game lasted 00:03:07 (777 turns).

Hubris850 the Chiller (Merfolk Ice Elementalist)     Turns: 777, Time: 00:03:07

Health: 0/24       AC:  2    Str: 10    XL:     3   Next: 37%
Magic:  6/6        EV: 13    Int: 14    God:
Gold:   32         SH:  0    Dex: 14    Spells: 5/6 levels left

rFire   . . .        e - +0 short sword
rCold   . . .        (no shield)
rNeg    . . .        a - +0 robe
rPois   .            (no helmet)
rElec   .            (no cloak)
rCorr   .            (no gloves)
SInv    .            (no boots)
Will    .....        (no amulet)
Stlth   ++           (no ring)
HPRegen 0.24/turn    (no ring)
MPRegen 0.10/turn

%: no passive effects
@: no status effects
A: (nimble swimmer 2), mertail
a: no special abilities


You were on level 1 of the Dungeon.
You visited 1 branch of the dungeon, and saw 1 of its levels.

You collected 32 gold pieces.

Inventory:

Hand Weapons
 d - a +0 dagger
 e - a +0 short sword (weapon)
Missiles
 c - 3 atropa-tipped darts
Armour
 a - a +0 robe (worn)
Potions
 b - a potion of magic
 f - a potion of curing {unknown}


   Skills:
 + Level 1.4 Short Blades
 + Level 3.7 Dodging
 + Level 3.2 Stealth
 - Level 2.0 Spellcasting
 - Level 4.3 Ice Magic


You had 5 spell levels left.
You knew the following spells:

 Your Spells              Type           Power      Damage    Failure   Level
a - Freeze                Ice            52%        1d6       4%          1

Your spell library contained the following spells:

 Spells                   Type           Power      Damage    Failure   Level
 Frozen Ramparts          Ice            26%        1d4       12%         3
 Ozocubu's Armour         Ice            13%        N/A       12%         3
 Summon Ice Beast         Ice/Summ       7%         N/A       28%         3


Dungeon Overview and Level Annotations

Branches:
Dungeon (1/15)

Altars:

Shops:
D:1 [


Innate Abilities, Weirdness & Mutations

((You are very nimble when in or above water. (Stealth+, EV+, Speed+++)))
Your lower body shifts to a powerful aquatic tail in water.


Message History

You hit the endoplasm but do no damage.
The endoplasm is severely wounded.
The endoplasm jiggles.
The endoplasm hits you. The endoplasm closely misses you.
The goblin closely misses you.
You barely miss the endoplasm.
The endoplasm is severely wounded.
The endoplasm closely misses you. The endoplasm misses you.
The goblin hits you with a +0 dagger.
You hit the endoplasm.
You kill the endoplasm!
The endoplasm hits you. The goblin hits you but does no damage.
The endoplasm jiggles.
The endoplasm closely misses you.
You hit the endoplasm.
The endoplasm is heavily wounded.
The endoplasm misses you. The goblin hits you with a +0 dagger.
* * * LOW HITPOINT WARNING * * *
You hit the endoplasm.
The endoplasm is almost dead.
The endoplasm hits you but does no damage.
The goblin closely misses you.
You hit the endoplasm but do no damage.
The endoplasm is almost dead.
You hit the endoplasm but do no damage.
The endoplasm is almost dead.
The goblin hits you with a +0 dagger.
* * * LOW HITPOINT WARNING * * *
The endoplasm freezes you.
You are frozen.
* * * LOW HITPOINT WARNING * * *
You barely miss the endoplasm.
The endoplasm is almost dead.
The endoplasm hits you but does no damage.
The goblin hits you with a +0 dagger.
* * * LOW HITPOINT WARNING * * *
You hit the endoplasm.
The endoplasm is almost dead.
The endoplasm closely misses you. The goblin hits you with a +0 dagger.
You die...

..........# #.........#
#.........# ..........# ########.
..)...##### #........ #.....#
+:....... #.....# #######........
..⌠.⌠#####..........#
#..∩............@...#############
..⌠.⌠#####......Jg$.............†
#.)### #.)........######.######
#....# #...........# #.# #.####
#...........# #.# #.#
#####.......# #.###### #.#
######### #.#####. #.# ###.#...#.
..# #...#.8.#.


You could see an endoplasm and a goblin.

Vanquished Creatures
  A dart slug (D:1)
  5 bats (D:1)
  2 endoplasms (D:1)
  2 giant cockroaches (D:1)
  A hobgoblin (D:1)
  4 jackals (D:1)
  3 kobolds (D:1)
  2 quokkas (D:1)
  A ball python (D:1)
  A frilled lizard (D:1)
  3 goblins (D:1)
  4 rats (D:1)
29 creatures vanquished.

Notes
Turn   | Place    | Note
-------+----------+-------------------------------------------
     0 | D:1      | Hubris850 the Merfolk Ice Elementalist began the quest for
                  | the Orb.
     0 | D:1      | Reached XP level 1. HP: 13/13 MP: 3/3
   182 | D:1      | Found a faded altar of an unknown god.
   197 | D:1      | Reached XP level 2. HP: 16/19 MP: 0/5
   583 | D:1      | Reached skill level 1 in Short Blades
   592 | D:1      | Reached XP level 3. HP: 17/24 MP: 6/6
   715 | D:1      | Found Usowussu's Armour Shoppe.
   777 | D:1      | Slain by a goblin

Illustrated notes

Levels and vault maps discovered:
D:1:      minmay_arrival_glassed_features, layout_basic,
          ebering_ecumenical_altar_rust, serial_shops, shop_fountains

Skill      XL: |  1  2 |
---------------+-------+-----
Dodging        | 3 |  3.7
Stealth        | 3 |  3.2
Short Blades   | 1 |  1.4
Spellcasting   | |  2.0
Ice Magic      | |  4.3

Action                     || total
---------------------------++-------
  Melee: Unarmed           ||    41
         Punch             ||     1
         Dagger            ||    78
         Short sword       ||    26
   Cast: Freeze            ||    14
   Stab: Sleeping          ||     5
 Armour: Robe              ||    84
  Dodge: Dodged            ||   129
